 Dungeon Crawl Stone Soup version 0.27-a0-1301-g128193abf8 (webtiles) character file.

Game seed: 5315264241413545090

8906 sanka the Martial Artist (level 11, -2/76 HPs)
             Began as an Octopode Monk on June 17, 2021.
             Was a High Priest of Okawaru.
             Slain by a shadow (7 damage)
             ... on level 10 of the Dungeon.
             The game lasted 00:28:51 (14495 turns).

sanka the Martial Artist (Octopode Monk)           Turns: 14495, Time: 00:28:52

Health: -2/76      AC:  5    Str: 17    XL:     11   Next: 38%
Magic:  14/14      EV: 19    Int: 14    God:    Okawaru [*****.]
Gold:   561        SH:  0    Dex: 16    Spells: 10/10 levels left

rFire    . . .     SeeInvis .     - Unarmed
rCold    + . .     Faith    +   (no shield)
rNeg     . . .     Spirit   .   (helmet restricted)
rPois    .         Reflect  .   H - amulet of faith
rElec    .         Harm     .   r - ring of willpower
rCorr    .         Rampage  .   g - +4 ring of protection
Will     +....                  d - ring of protection from cold
Stlth    +++.......             G - +6 ring of strength
HPRegen  0.22/turn              (no ring)
MPRegen  0.14/turn              (no ring)
                                (no ring)
                                (no ring)

@: no status effects
A: almost no armour, amphibious, 8 rings, camouflage 1, gelatinous body 1,
(nimble swimmer 1), tentacles
a: Renounce Religion, Heroism, Finesse


You were on level 10 of the Dungeon.
You worshipped Okawaru.
Okawaru was extremely pleased with you.
You visited 2 branches of the dungeon, and saw 11 of its levels.
You also visited: Sewer, Ossuary and Bailey.

You collected 561 gold pieces.


Innate Abilities, Weirdness & Mutations

You cannot wear most types of armour.
You are amphibious.
You can wear up to eight rings at the same time.
Your skin changes colour to match your surroundings (Stealth+).
Your rubbery body absorbs attacks. (AC +1, EV +1)
((You are camouflaged near water. (Stealth+)))
You have tentacles for arms and can constrict up to eight enemies at once.


   Skills:
 + Level 7.7 Fighting
 + Level 10.5 Dodging
 - Level 2.6 Stealth
 + Level 11.9 Unarmed Combat
 - Level 4.0 Invocations


You had 10 spell levels left.
You didn't know any spells.
Your spell library was empty.

Inventory:

Hand Weapons
 A - the +10 great sword of the Blowfly {pain, rElec} In the hands of one skilled in necromantic magic, it inflicts extra damage on living creatures. It insulates you from electricity.
Missiles
 u - a throwing net {=f}
 y - 9 curare-tipped darts (quivered) {=f}
Magical Staves
 o - a staff of cold
Jewellery
 d - a ring of protection from cold (on tentacle)
 g - a +4 ring of protection (right tentacle)
 r - a ring of willpower (left tentacle)
 G - a +6 ring of strength (on tentacle)
 H - an amulet of faith (around mantle)
Wands
 s - a wand of iceblast (21)
 I - a wand of polymorph (8)
 K - a wand of flame (21)
Scrolls
 a - a scroll of vulnerability {unknown}
 b - 2 scrolls of enchant armour {unknown}
 e - a scroll of identify {@r1}
 p - a scroll of teleportation {@r4}
 q - 3 scrolls of enchant weapon
 w - 2 scrolls of amnesia {unknown}
 B - a scroll of silence {unknown}
 C - a scroll of holy word {unknown}
 D - 2 scrolls of torment {!r}
 E - 2 scrolls of fear
 F - a scroll of fog {unknown}
Potions
 c - 3 potions of curing {@q1}
 f - 3 potions of degeneration {unknown}
 h - 3 potions of mutation {unknown}
 i - a potion of magic {unknown}
 j - 3 potions of attraction {unknown}
 l - 2 potions of resistance {unknown}
 m - a potion of haste {unknown}
 n - 3 potions of heal wounds {unknown}
 t - a potion of brilliance {unknown}
 v - a potion of invisibility {unknown}
 x - 2 potions of cancellation {unknown}
 z - a potion of lignification {unknown}
 J - a potion of ambrosia {unknown}

Dungeon Overview and Level Annotations

Branches:
Dungeon (10/15)            Temple (1/1) D:4            Lair (0/6) D:9
    Orc (0/2) D:10          Sewer (visited)         Ossuary (visited)
 Bailey (visited)

Altars:
Ashenzari
Cheibriados
Dithmenos
Elyvilon
Fedhas
Gozag
Hepliaklqana
Kikubaaqudgha
Makhleb
Nemelex Xobeh
Okawaru
Qazlal
Ru
Sif Muna
Trog
Uskayaw
Vehumet
Wu Jian
Xom
Yredelemnul
Zin
The Shining One

Shops:
D:3 :   D:5 :   D:10 *

Annotations:
D:10 Erica

▒......▒≈≈≈≈≈≈≈≈≈≈.
▒......▒≈≈≈≈≈≈≈≈≈≈.
▒...∩..............
▒▒......≈≈≈≈≈≈≈≈≈≈≈
▒..(...≈≈≈≈≈≈≈≈≈≈≈
▒.▒▒▒▒▒≈≈≈≈≈≈≈≈≈≈≈
▒.▒ ▒≈≈≈≈≈≈≈≈≈≈≈
▒.▒ ▒≈≈≈≈≈≈≈≈≈≈≈
▒x▒ ▒≈≈≈≈≈≈≈≈≈≈≈
▒.▒ ▒≈≈≈≈≈≈≈≈≈≈≈
▒.▒ ▒≈≈≈≈≈≈≈≈≈≈≈
▒.▒▒▒▒▒KKK≈≈≈≈≈≈≈≈
▒.▒....K..........
▒.▒.▒▒▒≈≈≈≈≈;≈≈≈≈≈
▒.▒,▒.............
▒.▒,▒.▒≈≈≈≈≈≈≈≈≈≈.
▒.▒,▒.............


There were no monsters in sight!


Message History

* * * LOW HITPOINT WARNING * * *
The kobold brigand closely misses you.
You hear an angry hiss.
Unknown command.
The kobold brigand completely misses you.
The kobold hits you with a +0 short sword.
* * * LOW HITPOINT WARNING * * *
The kobold throws a stone.
The stone closely misses you.
The shadow slips into darkness.
The shadow flickers and vanishes!
Deactivating autopickup; reactivate with Ctrl-A.
You feel like a meek peon again.
The kobold throws a poisoned dart.
The electric eel shoots out a bolt of lightning at you!
The bolt of electricity misses you.
The kobold throws a stone.
The stone misses you.
The electric eel shoots out a bolt of lightning at you!
The bolt of electricity hits you!
* * * LOW HITPOINT WARNING * * *
The shadow strikes at you from the darkness!
* * * LOW HITPOINT WARNING * * *
Reactivating autopickup.
The shadow slips into darkness.
The shadow flickers and vanishes!
Deactivating autopickup; reactivate with Ctrl-A.
You see here 5 javelins.
The shadow strikes at you from the darkness!
You die...

Action                   |  1- 3 |  4- 6 |  7- 9 | 10-12 || total
-------------------------+-------+-------+-------+-------++-------
Melee: Unarmed           |    70 |   129 |   356 |   302 ||   857
       Constrict         |    20 |    34 |    68 |    58 ||   180
       Tentacles         |    15 |    27 |    81 |    70 ||   193
       Punch             |     4 |     2 |    18 |    41 ||    65
       Great sword       |       |       |       |     2 ||     2
Throw: Dart              |       |       |       |     4 ||     4
       Throwing net      |       |       |       |     1 ||     1
Invok: Heroism           |       |     3 |     9 |    21 ||    33
  Use: Scroll            |       |       |     4 |     8 ||    12
       Potion            |       |       |       |     4 ||     4
 Stab: Sleeping          |     9 |     6 |    19 |     3 ||    37
       Distracted        |       |     1 |       |       ||     1
Armor: Skin              |     6 |    23 |    85 |    41 ||   155
Dodge: Dodged            |    35 |    77 |   331 |   325 ||   768

Levels and vault maps discovered:
D:1:      lightli_arrival_quake, layout_basic
D:2:      layout_basic
D:3:      layout_loops_ring, nicolae_vehumet_altar_sigil, zin_angel,
          serial_shops, shop, grunt_decor_clamped, uniq_robin
D:4:      cheibrodos_quashed, layout_loops_cross, nicolae_tso_carved_into_rock,
          nicolae_overflow_crystal_walls, minmay_temple_entry_poolview
D:5:      layout_basic, nicolae_dithmenos_shadow_blocks,
          nicolae_yredelemnul_corpse_copse, nicolae_ossuary_entry_plus,
          serial_shops, kennysheep_mini, st_stairs_10
D:6:      lemuel_insect_pit, layout_basic, cheibrodos_sewer_entry_bend,
          supply_closet_lemuel, uniq_duvessa
D:7:      kennysheep_kobold_camp, layout_gridville,
          nicolae_qazlal_scattered_showers
D:8:      layout_rooms, trog_ov_bears_minmay,
          beargit_hepliaklqana_dungeon_heroes, general_overflow_altar,
          minmay_misc_feat_four_crosses, kennysheep_generic_room_7, uniq_psyche,
          uniq_prince_ribbit1
D:9:      layout_loops_ring, nicolae_overflow_hidden_temple, lair_entry_dummy,
          st_stairs_5, hangedman_decor_push, uniq_maurice
D:10:     cheibrodos_fzero, layout_basic, serial_shops,
          nicolae_shop_overgrown_old_shop, serial_aquarium,
          aquarium_bridge_island_large [aquarium_subvault_large_water,
          aquarium_subvault_balcony, aquarium_subvault_balcony,
          aquarium_subvault_bridge, aquarium_subvault_balcony],
          aquarium_window_corridor_3, aquarium_window_1, aquarium_window_fake,
          aquarium_view_2a, aquarium_view_2g, aquarium_balcony_3a,
          enter_bailey_8, uniq_erica
Temple:   minmay_temple_curvy_loop

Notes
Turn   | Place    | Note
-------+----------+-------------------------------------------
     0 | D:1      | sanka the Octopode Monk began the quest for the Orb.
     0 | D:1      | Reached XP level 1. HP: 16/16 MP: 1/1
   274 | D:1      | Reached XP level 2. HP: 19/21 MP: 2/2
   829 | D:1      | Reached skill level 4 in Dodging
   970 | D:1      | Reached XP level 3. HP: 26/26 MP: 3/3
  2092 | D:2      | Reached XP level 4. HP: 29/31 MP: 4/4
  2138 | D:2      | Reached skill level 5 in Dodging
  2308 | D:3      | Found a radiant altar of Vehumet.
  2636 | D:3      | Found Eristiol's Book Emporium.
  2750 | D:3      | Noticed Robin
  2765 | D:3      | Reached XP level 5. HP: 33/36 MP: 5/5
  2793 | D:3      | Killed Robin
  3091 | D:3      | Found a glowing silver altar of Zin.
  3092 | D:3      | Noticed an angel
  3287 | D:4      | Reached skill level 6 in Dodging
  3565 | D:4      | Found a shimmering blue altar of Sif Muna.
  3616 | D:4      | Found a staircase to the Ecumenical Temple.
  3661 | D:4      | Noticed a phantom
  3700 | Temple   | Entered the Ecumenical Temple
  3900 | Temple   | Became a worshipper of Warmaster Okawaru
  3900 | Temple   | Reached * piety under Okawaru
  3900 | Temple   | Reached ** piety under Okawaru
  3997 | D:4      | Noticed a water moccasin
  4011 | D:4      | Killed a water moccasin
  4012 | D:4      | Reached skill level 1 in Invocations
  4012 | D:4      | Reached XP level 6. HP: 21/42 MP: 3/7
  4224 | D:4      | Reached skill level 2 in Invocations
  4273 | D:4      | Found a glowing golden altar of the Shining One.
  4327 | D:4      | Reached skill level 7 in Dodging
  4534 | D:4      | Reached skill level 3 in Invocations
  4534 | D:4      | Reached XP level 7. HP: 36/46 MP: 7/9
  4982 | D:5      | Entered Level 5 of the Dungeon
  4996 | D:5      | Found Jiptalul's Book Emporium.
  5049 | D:5      | Found a basalt altar of Yredelemnul.
  5125 | D:5      | Reached skill level 4 in Invocations
  5172 | D:5      | Reached skill level 8 in Dodging
  5291 | D:5      | Reached skill level 4 in Unarmed Combat
  5291 | D:5      | Reached XP level 8. HP: 41/52 MP: 9/11
  5318 | D:5      | Found a sand-covered staircase.
  5339 | Ossuary  | Entered an ossuary
  5356 | Ossuary  | Reached skill level 5 in Unarmed Combat
  5749 | D:5      | Reached *** piety under Okawaru
  5750 | D:5      | Reached skill level 6 in Unarmed Combat
  5763 | D:5      | Found a shadowy altar of Dithmenos.
  5916 | D:5      | Reached skill level 7 in Unarmed Combat
  6732 | D:6      | Reached XP level 9. HP: 29/56 MP: 12/12
  6753 | D:6      | Reached skill level 8 in Unarmed Combat
  6931 | D:6      | Noticed Duvessa
  6937 | D:6      | Noticed Dowan
  6939 | D:6      | Killed Duvessa
  6942 | D:6      | Killed Dowan
  6980 | D:6      | Found a runed translucent door.
  6982 | D:6      | Found a runed translucent door.
  7114 | D:6      | Reached skill level 9 in Unarmed Combat
  7204 | D:6      | Identified the +0 chain mail "Vuni" {rElec Slay+2}
  7357 | D:6      | Found a glowing drain.
  7367 | Sewer    | Entered a sewer
  8159 | D:6      | Reached skill level 10 in Unarmed Combat
  8241 | D:6      | Received a gift from Okawaru
  8566 | D:7      | Reached skill level 4 in Fighting
  8628 | D:7      | Reached **** piety under Okawaru
  8755 | D:7      | Found a stormy altar of Qazlal.
  9103 | D:7      | Reached XP level 10. HP: 48/64 MP: 13/13
  9758 | D:8      | Found a bloodstained altar of Trog.
  9759 | D:8      | Noticed Prince Ribbit
  9872 | D:7      | Killed Prince Ribbit
 10038 | D:8      | Reached skill level 5 in Fighting
 10038 | D:8      | Reached skill level 9 in Dodging
 10105 | D:8      | Found a faded altar of an unknown god.
 10117 | D:8      | HP: 3/66 [gnoll sergeant (12)]
 10494 | D:8      | Noticed Psyche
 10597 | D:8      | Killed Psyche
 10658 | D:8      | Found a hazy altar of Hepliaklqana.
 10943 | D:8      | Found a hide-covered altar of Uskayaw.
 11263 | D:9      | Noticed Maurice
 11451 | D:9      | Killed Maurice
 11451 | D:9      | Reached ***** piety under Okawaru
 11452 | D:9      | Reached skill level 11 in Unarmed Combat
 11793 | D:9      | Reached skill level 6 in Fighting
 11969 | D:9      | Found a staircase to the Lair.
 12621 | D:9      | Found a blossoming altar of Fedhas.
 12757 | D:10     | Entered Level 10 of the Dungeon
 13162 | D:10     | Reached skill level 10 in Dodging
 13173 | D:10     | Reached XP level 11. HP: 10/74 MP: 14/14
 13173 | D:10     | HP: 6/74 [gnoll (4)]
 13179 | D:10     | HP: 2/74 [gnoll (10)]
 13256 | D:10     | Reached skill level 7 in Fighting
 13258 | D:10     | Found a staircase to the Orcish Mines.
 13281 | D:10     | Noticed Erica
 13328 | D:10     | Found a flagged portal.
 13474 | Bailey   | Entered a bailey
 13847 | Bailey   | Identified the +1 robe "Amiluel" {rC- rCorr Dex+4}
 13866 | Bailey   | Identified the +10 great sword of the Blowfly {pain, rElec}
 14149 | D:10     | Found Abyexim's Assorted Antiques.
 14462 | D:10     | Received a gift from Okawaru
 14485 | D:10     | HP: 2/76 [something (27)]
 14495 | D:10     | Slain by a shadow

Vanquished Creatures
  Maurice (D:9)
  A freezing wraith (D:10)
  Psyche (D:8)
  2 trolls (D:10)
  Prince Ribbit (D:7)
  3 wyverns
  6 yaks
  A basilisk (D:10)
  A water moccasin (D:4)
  Duvessa (D:6)
  7 orc warriors
  3 black bears
  2 ice beasts
  A necrophage (D:6)
  3 ogres
  7 centaurs
  A phantom (D:4)
  4 bullfrogs
  2 kobold brigands (D:7)
  2 gnoll sergeants
  14 scorpions
  A wyvern zombie (D:5)
  Dowan (D:6)
  A water moccasin zombie (D:5)
  6 killer bees
  A wight (D:10)
  2 electric eels (D:10)
  4 howler monkeys
  2 bullfrog zombies (D:5)
  12 centaur zombies
  2 gnoll shamans
  2 jellies
  A centaur skeleton (D:7)
  A scorpion zombie (D:5)
  4 iguanas
  3 orc wizards
  2 killer bee zombies
  A hound skeleton (D:5)
  4 mummies (Ossuary)
  2 howler monkey zombies
  Robin (D:3)
  9 adders
  22 gnolls
  2 ufetubi
  An adder skeleton (D:4)
  4 worms
  5 dart slugs
  17 orcs
  8 ball pythons
  8 endoplasms
  11 giant cockroaches
  10 hobgoblins
  A jackal (D:5)
  50 kobolds
  A quokka (Sewer)
  6 bats
  7 frilled lizards
  18 goblins
  6 hobgoblin zombies (Ossuary)
  3 rats
306 creatures vanquished.

Vanquished Creatures (others)
  14 plants
14 creatures vanquished.

Grand Total: 320 creatures vanquished
